TOP OF THE 1ST |
Myrtle Beach Seahawks batting - Pitching for Grand Forks Caterpillars : LHP Raúl Gonzáles
|
Pitching: LHP Raúl Gonzáles
|
|
Batting: RHB Iván Hernández
|
0-0: Ball 1-0: Ball 2-0: Ball 3-0: Called Strike 3-1: Fly out, F8 (Flyball, 89M)
|
Batting: RHB Dionísio Prudente
|
0-0: Ground out 4-3 (Groundball, 4M)
|
Batting: RHB Fernando Pérez
|
0-0: DOUBLE (Line Drive, 7LD)
|
Batting: RHB Jim Unknown
|
0-0: Ground out 6-3 (Groundball, 6)
|
Top of the 1st over - 0 run(s), 1 hit(s), 0 error(s), 1 left on base; Myrtle Beach 0 - Grand Forks 0 |
BOTTOM OF THE 1ST |
Grand Forks Caterpillars batting - Pitching for Myrtle Beach Seahawks : RHP Raúl Serna
|
Pitching: RHP Raúl Serna
|
|
Batting: RHB Jesús Vásquez
|
0-0: Ball 1-0: Called Strike 1-1: Called Strike 1-2: Ball 2-2: Foul Ball, location: 2F 2-2: Strikes out swinging
|
Batting: SHB Valentín Guzmán
|
0-0: Called Strike 0-1: Fly out, F9 (Popup, 89S)
|
Batting: LHB Armando Becerra
|
0-0: SINGLE (Groundball, 34D)
|
Batting: RHB Ángel Rivera
|
0-0: Ball 1-0: Ball 2-0: Ball 3-0: Called Strike 3-1: Ground out 1-3 (Groundball, 15S)
|
Bottom of the 1st over - 0 run(s), 1 hit(s), 0 error(s), 1 left on base; Myrtle Beach 0 - Grand Forks 0 |
TOP OF THE 2ND |
Myrtle Beach Seahawks batting - Pitching for Grand Forks Caterpillars : LHP Raúl Gonzáles
|
Batting: RHB Juan García
|
0-0: Ball 1-0: DOUBLE (Line Drive, 3L)
|
Batting: RHB Jim Unknown
|
0-0: Called Strike 0-1: Called Strike 0-2: SINGLE (Groundball, 34D) Juan García to third
|
Batting: SHB Tony Martínez
|
0-0: Called Strike 0-1: Swinging Strike 0-2: Strikes out swinging
|
Batting: RHB Jim Unknown
|
0-0: Ball 1-0: Fly out, F7 (Flyball, 7M) Runner from 3rd tags up, SCORES, throw made
|
Batting: RHB Jack Peck
|
0-0: Ball 1-0: SINGLE (Line Drive, 8RS) Jim Unknown to second Runner from 2nd tries for 3rd, SAFE, throw made to third Jack Peck to second
|
Batting: RHB Iván Hernández
|
0-0: Ball 1-0: SINGLE (Line Drive, 34) Jim Unknown scores Jack Peck to third Runner from 3rd tries for Home, SAFE, no throw or cutoff
|
Batting: RHB Dionísio Prudente
|
0-0: Called Strike Iván Hernández is caught stealing 2nd base
|
Top of the 2nd over - 3 run(s), 4 hit(s), 0 error(s), 0 left on base; Myrtle Beach 3 - Grand Forks 0 |
BOTTOM OF THE 2ND |
Grand Forks Caterpillars batting - Pitching for Myrtle Beach Seahawks : RHP Raúl Serna
|
Batting: LHB Qi-zhen Loong
|
0-0: Ball 1-0: Fly out, F8 (Flyball, 8RS)
|
Batting: RHB Nathaniel Gault
|
0-0: Called Strike 0-1: Ball 1-1: Ball 2-1: Foul Ball, location: 2F 2-2: Ground out 5-3 (Groundball, 56)
|
Batting: SHB Luchino Salimbeni
|
0-0: Ball 1-0: Foul Ball, location: 2F 1-1: Foul Ball, location: 2F 1-2: SINGLE (Line Drive, 78S)
|
Batting: LHB Gonzalo Álvarez
|
0-0: Called Strike 0-1: Swinging Strike 0-2: Strikes out looking
|
Bottom of the 2nd over - 0 run(s), 1 hit(s), 0 error(s), 1 left on base; Myrtle Beach 3 - Grand Forks 0 |
TOP OF THE 3RD |
Myrtle Beach Seahawks batting - Pitching for Grand Forks Caterpillars : LHP Raúl Gonzáles
|
Batting: RHB Dionísio Prudente
|
0-0: Called Strike 0-1: Ball 1-1: SINGLE (Groundball, 6MD)
|
Batting: RHB Fernando Pérez
|
0-0: Called Strike 0-1: Foul Ball, location: 2F 0-2: Strikes out swinging
|
Batting: RHB Jim Unknown
|
0-0: Ball 1-0: Called Strike 1-1: Fielders Choice at 2nd, 6-4 (Groundball, 6M)
|
Batting: RHB Juan García
|
0-0: Ball 1-0: Called Strike 1-1: Fly out, F8 (Flyball, 8LM)
|
Top of the 3rd over - 0 run(s), 1 hit(s), 0 error(s), 1 left on base; Myrtle Beach 3 - Grand Forks 0 |
BOTTOM OF THE 3RD |
Grand Forks Caterpillars batting - Pitching for Myrtle Beach Seahawks : RHP Raúl Serna
|
Batting: RHB Iván Miranda
|
0-0: Ball 1-0: Fly out, F9 (Flyball, 9LM)
|
Batting: RHB Jesús Vásquez
|
0-0: Fly out, F8 (Flyball, 8LM)
|
Batting: SHB Valentín Guzmán
|
0-0: Called Strike 0-1: Called Strike 0-2: Ball 1-2: Strikes out swinging
|
Bottom of the 3rd over - 0 run(s), 0 hit(s), 0 error(s), 0 left on base; Myrtle Beach 3 - Grand Forks 0 |
TOP OF THE 4TH |
Myrtle Beach Seahawks batting - Pitching for Grand Forks Caterpillars : LHP Raúl Gonzáles
|
Batting: RHB Jim Unknown
|
0-0: Ball 1-0: Swinging Strike 1-1: Foul Ball, location: 2F 1-2: Ball 2-2: Strikes out looking
|
Batting: SHB Tony Martínez
|
0-0: Ground out 6-3 (Groundball, 6)
|
Batting: RHB Jim Unknown
|
0-0: Called Strike 0-1: Ground out 5-3 (Groundball, 56)
|
Top of the 4th over - 0 run(s), 0 hit(s), 0 error(s), 0 left on base; Myrtle Beach 3 - Grand Forks 0 |
BOTTOM OF THE 4TH |
Grand Forks Caterpillars batting - Pitching for Myrtle Beach Seahawks : RHP Raúl Serna
|
Batting: LHB Armando Becerra
|
0-0: Ball 1-0: Ball 2-0: Fly out, F8 (Popup, 8LS)
|
Batting: RHB Ángel Rivera
|
0-0: Ground out 6-3 (Groundball, 6M)
|
Batting: LHB Qi-zhen Loong
|
0-0: Called Strike 0-1: Called Strike 0-2: Fly out, F6 (Line Drive, 6M)
|
Bottom of the 4th over - 0 run(s), 0 hit(s), 0 error(s), 0 left on base; Myrtle Beach 3 - Grand Forks 0 |
TOP OF THE 5TH |
Myrtle Beach Seahawks batting - Pitching for Grand Forks Caterpillars : LHP Raúl Gonzáles
|
Batting: RHB Jack Peck
|
0-0: Swinging Strike 0-1: Foul Ball, location: 2F 0-2: Ball 1-2: Foul Ball, location: 2F 1-2: Strikes out swinging
|
Batting: RHB Iván Hernández
|
0-0: Called Strike 0-1: Swinging Strike 0-2: Ball 1-2: Strikes out swinging
|
Batting: RHB Dionísio Prudente
|
0-0: Called Strike 0-1: Called Strike 0-2: Ball 1-2: Foul Ball, location: 2F 1-2: Ball 2-2: Ball 3-2: Fly out, F7 (Flyball, 7M)
|
Top of the 5th over - 0 run(s), 0 hit(s), 0 error(s), 0 left on base; Myrtle Beach 3 - Grand Forks 0 |
BOTTOM OF THE 5TH |
Grand Forks Caterpillars batting - Pitching for Myrtle Beach Seahawks : RHP Raúl Serna
|
Batting: RHB Nathaniel Gault
|
0-0: Ball 1-0: Foul Ball, location: 2F 1-1: Fly out, F6 (Line Drive, 6M)
|
Batting: SHB Luchino Salimbeni
|
0-0: Ground out 6-3 (Groundball, 6)
|
Pitching: RHP Randall McLean
|
|
Batting: LHB Gonzalo Álvarez
|
0-0: Called Strike 0-1: Ball 1-1: Ball 2-1: Ground out 4-3 (Groundball, 4)
|
Bottom of the 5th over - 0 run(s), 0 hit(s), 0 error(s), 0 left on base; Myrtle Beach 3 - Grand Forks 0 |
TOP OF THE 6TH |
Myrtle Beach Seahawks batting - Pitching for Grand Forks Caterpillars : LHP Raúl Gonzáles
|
Batting: RHB Fernando Pérez
|
0-0: Ball 1-0: Foul Ball, location: 2F 1-1: Ball 2-1: Foul Ball, location: 2F 2-2: Strikes out swinging
|
Batting: RHB Jim Unknown
|
0-0: Ball 1-0: Called Strike 1-1: Ball 2-1: Ground out 6-3 (Groundball, 6)
|
Batting: RHB Juan García
|
0-0: Called Strike 0-1: Swinging Strike 0-2: Foul Ball, location: 2F 0-2: SINGLE (Line Drive, 89M)
|
Batting: RHB Jim Unknown
|
0-0: Ground out 4-3 (Groundball, 4)
|
Top of the 6th over - 0 run(s), 1 hit(s), 0 error(s), 1 left on base; Myrtle Beach 3 - Grand Forks 0 |
BOTTOM OF THE 6TH |
Grand Forks Caterpillars batting - Pitching for Myrtle Beach Seahawks : RHP Randall McLean
|
Batting: RHB Iván Miranda
|
0-0: Called Strike 0-1: Fly out, F8 (Flyball, 8RM)
|
Batting: RHB Jesús Vásquez
|
0-0: Ball 1-0: Ball 2-0: Foul Ball, location: 2F 2-1: Called Strike 2-2: Ground out 1-3 (Groundball, 15)
|
Batting: SHB Valentín Guzmán
|
0-0: Fly out, F4 (Popup, 9S)
|
Bottom of the 6th over - 0 run(s), 0 hit(s), 0 error(s), 0 left on base; Myrtle Beach 3 - Grand Forks 0 |
TOP OF THE 7TH |
Myrtle Beach Seahawks batting - Pitching for Grand Forks Caterpillars : LHP Raúl Gonzáles
|
Batting: SHB Tony Martínez
|
0-0: Ball 1-0: Called Strike 1-1: Ball 2-1: Called Strike 2-2: Foul Ball, location: 2F 2-2: Ball 3-2: Foul Ball, location: 2F 3-2: Foul Ball, location: 2F 3-2: Foul Ball, location: 2F 3-2: Strikes out swinging
|
Batting: RHB Jim Unknown
|
0-0: Called Strike 0-1: Ground out 3-1 (Groundball, 34)
|
Batting: RHB Jack Peck
|
0-0: Ground out 6-3 (Groundball, 6M)
|
Top of the 7th over - 0 run(s), 0 hit(s), 0 error(s), 0 left on base; Myrtle Beach 3 - Grand Forks 0 |
BOTTOM OF THE 7TH |
Grand Forks Caterpillars batting - Pitching for Myrtle Beach Seahawks : RHP Randall McLean
|
Batting: LHB Armando Becerra
|
0-0: Called Strike 0-1: Ball 1-1: Called Strike 1-2: Ball 2-2: Ground out 5-3 (Groundball, 56S)
|
Batting: RHB Ángel Rivera
|
0-0: Called Strike 0-1: Foul Ball, location: 2F 0-2: Ball 1-2: Foul Ball, location: 2F 1-2: Strikes out swinging
|
Batting: LHB Qi-zhen Loong
|
0-0: DOUBLE (Flyball, 89M)
|
Batting: RHB Nathaniel Gault
|
0-0: Ball 1-0: Ball 2-0: Ball 3-0: Called Strike 3-1: Fly out, F9 (Flyball, 89M)
|
Bottom of the 7th over - 0 run(s), 1 hit(s), 0 error(s), 1 left on base; Myrtle Beach 3 - Grand Forks 0 |
TOP OF THE 8TH |
Myrtle Beach Seahawks batting - Pitching for Grand Forks Caterpillars : LHP Raúl Gonzáles
|
Batting: RHB Iván Hernández
|
0-0: Swinging Strike 0-1: Ball 1-1: Foul Ball, location: 2F 1-2: Ball 2-2: Foul Ball, location: 2F 2-2: Foul Ball, location: 2F 2-2: Strikes out swinging
|
Batting: RHB Dionísio Prudente
|
0-0: Ball 1-0: Swinging Strike 1-1: Called Strike 1-2: Fly out, F8 (Line Drive, 8RS)
|
Batting: RHB Fernando Pérez
|
0-0: Called Strike 0-1: Called Strike 0-2: Strikes out swinging
|
Top of the 8th over - 0 run(s), 0 hit(s), 0 error(s), 0 left on base; Myrtle Beach 3 - Grand Forks 0 |
BOTTOM OF THE 8TH |
Grand Forks Caterpillars batting - Pitching for Myrtle Beach Seahawks : RHP Randall McLean
|
Batting: SHB Luchino Salimbeni
|
0-0: Called Strike 0-1: Ball 1-1: Fly out, F6 (Line Drive, 6M)
|
Batting: LHB Gonzalo Álvarez
|
0-0: Fly out, F7 (Flyball, 7M)
|
Batting: RHB Iván Miranda
|
0-0: Swinging Strike 0-1: Ball 1-1: Ground out 5-3 (Groundball, 5)
|
Bottom of the 8th over - 0 run(s), 0 hit(s), 0 error(s), 0 left on base; Myrtle Beach 3 - Grand Forks 0 |
TOP OF THE 9TH |
Myrtle Beach Seahawks batting - Pitching for Grand Forks Caterpillars : LHP Raúl Gonzáles
|
Batting: RHB Jim Unknown
|
0-0: Called Strike 0-1: Ball 1-1: Called Strike 1-2: Ball 2-2: Foul Ball, location: 2F 2-2: Strikes out swinging
|
Pitching: RHP Ramiro Flores
|
|
Batting: RHB Juan García
|
0-0: Ball 1-0: Called Strike 1-1: Ball 2-1: Foul Ball, location: 2F 2-2: Ball 3-2: Strikes out swinging
|
Batting: RHB Jim Unknown
|
0-0: Ball 1-0: Ball 2-0: Ball 3-0: Base on Balls
|
Batting: SHB Tony Martínez
|
0-0: Ball 1-0: Ball 2-0: Called Strike 2-1: Called Strike 2-2: Strikes out swinging
|
Top of the 9th over - 0 run(s), 0 hit(s), 0 error(s), 1 left on base; Myrtle Beach 3 - Grand Forks 0 |
BOTTOM OF THE 9TH |
Grand Forks Caterpillars batting - Pitching for Myrtle Beach Seahawks : RHP Randall McLean
|
Pitching: RHP Fernando Cruz
|
|
Batting: RHB Jesús Vásquez
|
0-0: Swinging Strike 0-1: Ball 1-1: Called Strike 1-2: Strikes out looking
|
Batting: SHB Valentín Guzmán
|
0-0: Ball 1-0: Ball 2-0: Swinging Strike 2-1: Ball 3-1: Called Strike 3-2: Fly out, F8 (Flyball, 8RD)
|
Batting: LHB Armando Becerra
|
0-0: Ground out U3 (Groundball, 3)
|
Bottom of the 9th over - 0 run(s), 0 hit(s), 0 error(s), 0 left on base; Myrtle Beach 3 - Grand Forks 0 |
|